 Dungeon Crawl Stone Soup version 0.19.1 (webtiles) character file.

793 dvd the Stinger (level 7, 0/44 HPs)
             Began as an Octopode Venom Mage on Dec 7, 2016.
             Slain by an orc warrior
             ... wielding a +2 trident of piercing
              (4 damage)
             ... on level 4 of the Dungeon.
             The game lasted 00:09:08 (3914 turns).

dvd the Stinger (Octopode Venom Mage)               Turns: 3914, Time: 00:09:08

Health: 0/44       AC:  1    Str:  7    XL:     7   Next: 88%
Magic:  8/13       EV: 14    Int: 19    God:
Gold:   146        SH:  0    Dex: 15    Spells: 3 memorised, 7 levels left

rFire  . . .     SeeInvis .     i - +2 whip (drain)
rCold  . . .     Gourm    .     (no shield)
rNeg   . . .     Faith    .     (helmet restricted)
rPois  .         Spirit   .     (no amulet)
rElec  .         Reflect  .     g - +2 ring of dexterity
rCorr  .         Harm     .     (no ring)
MR     .....                    (no ring)
Stlth  ++++......               (no ring)
                                (no ring)
                                (no ring)
                                (no ring)
                                (no ring)

@: no status effects
A: almost no armour, stealthy swim, amphibious, 8 rings, constrict 8, camouflage
1, gelatinous body 1
a: no special abilities


You were on level 4 of the Dungeon.
You were very hungry.

You visited 1 branch of the dungeon, and saw 4 of its levels.
You also visited: Sewer.

You collected 146 gold pieces.

Inventory:

Hand Weapons
 c - a +0 dagger
 i - a +2 whip of draining (weapon)
Jewellery
 g - a +2 ring of dexterity (left tentacle)
Scrolls
 h - 2 scrolls of fear {unknown}
 j - a scroll of noise {unknown}
 k - 2 scrolls of magic mapping {unknown}
 n - 3 scrolls of remove curse {unknown}
 o - 8 scrolls of teleportation {unknown}
 s - a scroll of random uselessness {unknown}
 v - a scroll of recharging {unknown}
 w - a scroll of fog {unknown}
Potions
 d - a potion of agility {unknown}
 e - 2 potions of resistance {unknown}
 l - 2 potions of cancellation {unknown}
 m - 2 potions of heal wounds {unknown}
 p - 2 potions of might {unknown}
 q - 3 potions of brilliance {unknown}
 r - 2 potions of magic {unknown}
 t - a potion of flight {unknown}
 u - a potion of degeneration {unknown}
 x - a potion of lignification {unknown}
Books
 a - a Young Poisoner's Handbook

   Spells                             Type                      Level
   a - Sting                          Conjuration/Poison           1
   b - Mephitic Cloud                 Conjuration/Poison/Air       3
   c - Olgreb's Toxic Radiance        Poison                       4
   d - Alistair's Intoxication        Transmutation/Poison         5
   e - Venom Bolt                     Conjuration/Poison           5
 y - a book of Maledictions

   Spells                             Type                      Level
   a - Corona                         Hexes                        1
   b - Ensorcelled Hibernation        Hexes/Ice                    2
   c - Confuse                        Hexes                        3
   d - Tukima's Dance                 Hexes                        3
   e - Dazzling Spray                 Conjuration/Hexes            3
Comestibles
 b - 6 bread rations
 f - 3 meat rations


   Skills:
 + Level 1.8 Fighting
 + Level 2.6 Maces & Flails
 + Level 2.8 Dodging
 + Level 4.8 Stealth
 + Level 4.2 Spellcasting
 + Level 2.6 Conjurations
 + Level 7.1 Poison Magic


You had 7 spell levels left.
You knew the following spells:

 Your Spells              Type           Power        Failure   Level  Hunger
a - Sting                 Conj/Pois      ###.         1%          1    None
b - Olgreb's Toxic Radia  Pois           ####....     10%         4    ####...
c - Ensorcelled Hibernat  Hex/Ice        #.....       21%         2    #......


Dungeon Overview and Level Annotations

Branches:
Dungeon (4/15)
 Temple: D:4-7

Altars:
Yredelemnul


Innate Abilities, Weirdness & Mutations

You cannot wear most types of armour.
You are very stealthy in the water. (Stealth+)
You are amphibious.
You can wear up to eight rings at the same time.
You can use your tentacles to constrict eight enemies at once.
Your skin changes colour to match your surroundings (Stealth+).
Your rubbery body absorbs attacks. (AC +1, EV +1)


Message History

Your toxic aura wanes.
You hear a shout!
You hit the orc priest. Your grab misses the orc priest.
The orc priest is heavily wounded.
The orc priest hits you with a flail!
You hit the orc priest but do no damage.
You drain the orc priest! You grab the orc priest.
The orc priest is severely wounded.
You constrict the orc priest, but do no damage.
The orc priest hits you with a flail.
You hit the orc priest. You drain the orc priest!
You kill the orc priest!
Things that are here:
a flail; a ring mail Unknown command.
An orc warrior comes into view. It is wielding a trident of piercing.
The orc warrior hits you with a trident of piercing!!
Ouch! That really hurt!
* * * LOW HITPOINT WARNING * * *
You die...

## ##### #. ..#.# #.
####.#.# #. #..#.#.#
#.#####..#.#.######
#.#>...............
##o#).......(......#
#..@.###......#.####
#....# #....#...#...
#...............#..^
#....###....#...+...
#....# #........#...
#....###...##...#...
#...............#...
##+#..............<.
.##............


You could see an orc warrior.

Vanquished Creatures
  Grinder (D:4)
  4 big kobolds (Sewer)
  2 hounds
  2 orc priests
  Terence (D:2)
  10 adders
  2 river rats (Sewer)
  2 oozes (Sewer)
  A worm (Sewer)
  4 orcs
  4 ball pythons
  4 giant cockroaches
  6 hobgoblins
  5 jackals
  8 kobolds
  2 quokkas
  7 bats
  2 frilled lizards (D:1)
  7 goblins
  11 rats
85 creatures vanquished.

Notes
Turn   | Place    | Note
-------+----------+-------------------------------------------
     0 | D:1      | dvd the Octopode Venom Mage began the quest for the Orb.
     0 | D:1      | Reached XP level 1. HP: 11/11 MP: 3/3
    37 | D:1      | Reached skill level 5 in Poison Magic
   308 | D:1      | Reached XP level 2. HP: 17/17 MP: 3/5
   729 | D:2      | Reached XP level 3. HP: 21/21 MP: 2/6
  1221 | D:2      | Noticed Terence
  1249 | D:2      | Killed Terence
  1249 | D:2      | Reached XP level 4. HP: 16/27 MP: 3/7
  1370 | D:2      | Learned a level 4 spell: Olgreb's Toxic Radiance
  1642 | D:2      | Reached skill level 1 in Conjurations
  1970 | D:3      | Found a basalt altar of Yredelemnul.
  2064 | D:3      | Reached skill level 1 in Maces & Flails
  2321 | D:3      | Reached XP level 5. HP: 31/31 MP: 1/9
  2826 | D:4      | Noticed Grinder
  2830 | D:4      | Paralysed by Grinder for 3 turns
  2879 | D:4      | Paralysed by Grinder for 2 turns
  2891 | D:4      | Killed Grinder
  2891 | D:4      | Reached skill level 6 in Poison Magic
  2891 | D:4      | Reached XP level 6. HP: 14/37 MP: 1/11
  3084 | D:4      | Found a glowing drain.
  3192 | D:4      | Reached skill level 1 in Fighting
  3192 | D:4      | Reached XP level 7. HP: 19/43 MP: 6/12
  3284 | Sewer    | Entered a sewer
  3810 | Sewer    | Reached skill level 7 in Poison Magic
  3889 | D:4      | Learned a level 2 spell: Ensorcelled Hibernation
  3914 | D:4      | Slain by an orc warrior

Skill      XL: |  1  2  3  4  5  6  7 |
---------------+----------------------+-----
Poison Magic   | 5 6 7 |  7.1
Stealth        | 3 4 |  4.8
Conjurations   | 1 2 |  2.6
Maces & Flails | 1 2 |  2.6
Spellcasting   | 3 4 |  4.2
Fighting       | 1 |  1.8
Dodging        | |  2.8

Action                   |  1- 3 |  4- 6 |  7- 9 || total
-------------------------+-------+-------+-------++-------
Melee: Constrict         |     9 |    12 |    10 ||    31
       Dagger            |     1 |       |       ||     1
       Unarmed           |     1 |       |       ||     1
       Whip              |    24 |    38 |    44 ||   106
       Tentacles         |     1 |     7 |     5 ||    13
 Cast: Sting             |    32 |    32 |    11 ||    75
       Olgreb's Toxic Ra |       |     8 |    10 ||    18
 Stab: Sleeping          |     4 |     4 |     2 ||    10
       Confused          |       |     1 |       ||     1
  Eat: Chunk             |     1 |     8 |     4 ||    13
Armor: Skin              |     6 |     2 |       ||     8
Dodge: Dodged            |    29 |    28 |    26 ||    83
